 Dungeon Crawl Stone Soup version 0.17-a0-1920-gafa4d75 (webtiles) character file.

298 hydrated21 the Cudgeler (level 6, -3/55 HPs)
             Began as a Minotaur Berserker on Sept 27, 2015.
             Was a Believer of Trog.
             Slain by Grinder (6 damage)
             ... on level 4 of the Dungeon.
             The game lasted 00:07:55 (2677 turns).

hydrated21 the Cudgeler (Minotaur Berserker)        Turns: 2677, Time: 00:07:55

Health: -3/55      AC:  9    Str: 24    XL:     6   Next: 13%
Magic:  5/5        EV:  9    Int:  4    God:    Trog [**....]
Gold:   134        SH:  0    Dex:  9    Spells: 0 memorised, 5 levels left

rFire  . . .     SeeInvis .     e - 2 potions of curing
rCold  . . .     Clarity  .     l - +0 chain mail
rNeg   . . .     SustAt   .     (no shield)
rPois  .         Gourm    .     (helmet restricted)
rElec  .         Spirit   .     (no cloak)
rCorr  .         Warding  .     (no gloves)
rMut   .         Stasis   .     (no boots)
MR     ++...                    (no amulet)
Stlth  ..........               (no ring)
                                (no ring)

@: exhausted, regenerating, slowed, very slow, very resistant to hostile
enchantments, extremely unstealthy
A: retaliatory headbutt, horns 2
a: Burn Spellbooks, Berserk, Trog's Hand, Renounce Religion


You were on level 4 of the Dungeon.
You worshipped Trog.
Trog was pleased with you.
You were not hungry.

You visited 1 branch of the dungeon, and saw 4 of its levels.

You collected 134 gold pieces.

Inventory:

Hand weapons
 a - a +0 mace
Armour
 b - a +0 animal skin
 l - a +0 chain mail (worn)
Jewellery
 q - a +2 ring of strength {unknown}
 s - an uncursed amulet of stasis {unknown}
Magical devices
 u - a wand of slowing (17)
Scrolls
 g - 3 scrolls of identify {unknown}
 h - 2 scrolls of remove curse {unknown}
 n - 3 scrolls of enchant armour {unknown}
 v - 2 scrolls of blinking {unknown}
Potions
 d - a potion of haste {unknown}
 e - 2 potions of curing (in hand)
 f - a potion of cancellation {unknown}
 i - a potion of might {unknown}
 k - a potion of invisibility {unknown}
 m - a potion of magic {unknown}
 r - 2 potions of agility {unknown}
Comestibles
 c - 2 bread rations
 j - a beef jerky
 p - 2 meat rations
 t - 2 fruits


   Skills:
 + Level 4.9 Fighting
 + Level 5.8 Maces & Flails
 + Level 4.1 Armour
 + Level 3.7 Dodging
 + Level 0.3 Stealth


You had 5 spell levels left.
You didn't know any spells.

Dungeon Overview and Level Annotations

Branches:
Dungeon (4/15)
 Temple: D:4-7

Altars:
Okawaru
Sif Muna

Annotations:
D:4 Grinder


Innate Abilities, Weirdness & Mutations

You reflexively headbutt those who attack you in melee.
You have a pair of horns on your head.


Message History

Trog accepts your kill.
Grinder gestures.
Grinder blinks!
You see here a scale mail.
You feel a strong urge to attack something.
You see here a meat ration.
You are no longer berserk.
You are exhausted.
You feel yourself slow down. Grinder hits you.
You writhe in agony.
* * * LOW HITPOINT WARNING * * *
You clumsily bash Grinder but do no damage.
Grinder is severely wounded.
Grinder hits you!
* * * LOW HITPOINT WARNING * * *
You writhe in agony.
* * * LOW HITPOINT WARNING * * *
Grinder hits you.
* * * LOW HITPOINT WARNING * * *
You writhe in agony.
You die...

#.. #.# ##.# ..# #.#
##.# #..# #[)# . .
########%@#.... #.
#.........5...... ..
#.##.##.##.##....
..#.####.##.##.# .#
.. ......<†.##....#
.#
#.#.##.#.############
#.#.##### #....#
..#.....###.##.#
#####...........#


You could see Grinder.

Vanquished Creatures
  A phantom (D:4)
  The ghost of Pereza0 the Cudgeler, a weakling OgAK of Lugonu (D:3)
  4 gnolls (D:2)
  3 adders
  5 worms
  2 giant geckos
  5 orcs
  7 giant cockroaches
  5 goblins
  6 hobgoblins
  2 jackals (D:4)
  4 quokkas (D:2)
  10 bats
  4 giant newts
  5 kobolds
  4 rats
68 creatures vanquished.

Notes
Turn   | Place    | Note
--------------------------------------------------------------
     0 | D:1      | hydrated21 the Minotaur Berserker began the quest for the Orb.
     0 | D:1      | Reached XP level 1. HP: 19/19 MP: 0/0
   314 | D:1      | Reached skill level 4 in Maces & Flails
   321 | D:1      | Reached XP level 2. HP: 16/27 MP: 1/1
   786 | D:2      | Reached XP level 3. HP: 14/33 MP: 2/2
   790 | D:2      | Acquired Trog's second power
  1006 | D:2      | Reached XP level 4. HP: 15/40 MP: 3/3
  1598 | D:2      | Reached skill level 5 in Maces & Flails
  1681 | D:2      | Found a deep blue altar of Sif Muna.
  1839 | D:3      | Noticed Pereza0's ghost (weakling OgAK)
  1850 | D:3      | Killed Pereza0's ghost
  1850 | D:3      | Reached XP level 5. HP: 22/47 MP: 4/4
  2111 | D:3      | Found an iron altar of Okawaru.
  2527 | D:4      | Noticed a phantom
  2606 | D:4      | Killed a phantom
  2606 | D:4      | Reached XP level 6. HP: 32/55 MP: 5/5
  2656 | D:4      | Noticed Grinder
  2677 | D:4      | Slain by Grinder

Vault maps used:
D:1:      dpeg_arrival_shelter
D:2:      led_sif_pool, first_bread, minivault_19
D:3:      lemuel_doored_altar
D:4:      elyvilon_altar_4, minmay_misc_feat_more_columns, uniq_grinder,
          uniq_edmund, uniq_sigmund, uniq_duvessa, uniq_crazy_yiuf_cottage

Action                   |  1- 3 |  4- 6 || total
-------------------------+-------+-------++-------
Melee: Mace              |    66 |    77 ||   143
Invok: Trog's Hand       |     1 |     2 ||     3
       Berserk           |     1 |     1 ||     2
  Use: Scroll            |       |     1 ||     1
       Potion            |       |     1 ||     1
  Eat: Bread ration      |       |     1 ||     1
       Meat ration       |       |     1 ||     1
       Pizza             |       |     1 ||     1
